 Dungeon Crawl Stone Soup version 0.25-a0-785-gb22c70e859 (webtiles) character file.

Game seed: 14993216593400251086, levelgen mode: deterministic

40 tilp the Bolt Thrower (level 3, -1/20 HPs)
             Began as a Kobold Arcane Marksman on Apr 17, 2020.
             Slain by a hobgoblin (3 damage)
             ... on level 2 of the Dungeon.
             The game lasted 00:03:36 (1545 turns).

tilp the Bolt Thrower (Kobold Arcane Marksman)      Turns: 1545, Time: 00:03:37

Health: -1/20      AC:  2    Str:  8    XL:     3   Next: 72%
Magic:  2/4        EV: 15    Int: 14    God:
Gold:   29         SH:  0    Dex: 15    Spells: 1/4 levels left

rFire    . . .     SeeInvis .   b - +0 hand axe
rCold    . . .     Gourm    .   (shield restricted)
rNeg     . . .     Faith    .   e - +0 robe
rPois    .         Spirit   .   (no helmet)
rElec    .         Reflect  .   (no cloak)
rCorr    .         Harm     .   (no gloves)
MR       .....                  (no boots)
Stlth    +.........             (no amulet)
HPRegen  0.06/turn              (no ring)
MPRegen  0.09/turn              (no ring)

@: very slightly contaminated
A: small, carnivore
a: no special abilities


You were on level 2 of the Dungeon.
You were completely stuffed.

You visited 1 branch of the dungeon, and saw 2 of its levels.

You collected 29 gold pieces.

Inventory:

Hand Weapons
 a - a +0 hand crossbow
 b - a +0 hand axe (weapon)
 l - a +0 dagger
Missiles
 h - 12 bolts
Armour
 e - a +0 robe (worn)
 g - a +0 ring mail
 m - a +0 hat
Jewellery
 c - an uncursed ring of fire
 n - a +4 ring of strength {unknown}
Scrolls
 d - a scroll of remove curse {unknown}
 i - a scroll of identify {unknown}
 j - a scroll of magic mapping {unknown}
Potions
 k - a potion of curing {unknown}
Comestibles
 f - 4 rations
 o - 2 chunks of flesh


   Skills:
 - Level 1.1 Fighting
 + Level 4.6 Crossbows
 - Level 2.4 Dodging
 - Level 1.1 Spellcasting
 - Level 3.0 Hexes


You had one spell level left.
You knew the following spells:

 Your Spells              Type           Power        Failure   Level  Hunger
a - Corona                Hex            #......      8%          1    ##.....
b - Slow                  Hex            #.......     12%         2    ###....

Your spell library contained the following spells:

 Spells                   Type           Power        Failure   Level  Hunger
 Inner Flame              Hex/Fire       #.......     38%         3    ####...
 Portal Projectile        Hex/Tloc       #.....       38%         3    ####...
 Cause Fear               Hex            #.........   58%         4    #####..
 Leda's Liquefaction      Hex/Erth       #.........   80%         4    #####..


Dungeon Overview and Level Annotations

Branches:
Dungeon (2/15)

Altars:


Innate Abilities, Weirdness & Mutations

You are small and have problems with some larger weapons.
You are carnivorous and can eat meat at any time.


Message History

Aim: a hobgoblin (moderately wounded, chance to defeat MR: 62%)
You miscast Corona.
You are very lightly contaminated with residual magic.
Nothing appears to happen.
The hobgoblin completely misses you.
Casting: Corona (safe; 8% risk of failure)
Confirm with . or Enter, or press ? or * to list all spells.
Aiming: Corona (safe; 8% risk of failure)
Press: ? - help, Shift-Dir - straight line, f/p - hobgoblin
Aim: a hobgoblin (moderately wounded, chance to defeat MR: 62%)
The hobgoblin is outlined in light.
The hobgoblin hits you.
* * * LOW HITPOINT WARNING * * *
You hit the hobgoblin.
The hobgoblin is almost dead.
The hobgoblin hits you.
* * * LOW HITPOINT WARNING * * *
The hobgoblin hits you but does no damage.
You hit the hobgoblin but do no damage.
The hobgoblin is almost dead.
The hobgoblin hits you.
You die...

#.######.#.##
###.##.
#......#.#.#
#.##.
#........# #
#.#
#.####÷..#.##
###...#...
#.....#..# .
#.#...#..# #..
#.#...#..#....
#.#.†@#.......
#.#.#g#†......
#.#.......#
#.###.#.#.....
.. ...#.# .##
#......
#.......
#........
#.........


You could see a hobgoblin.

Vanquished Creatures
  A dart slug (D:2)
  A leopard gecko (D:1)
  3 giant cockroaches
  7 goblins
  5 hobgoblins
  5 kobolds
  A quokka (D:2)
  4 bats (D:1)
  2 frilled lizards (D:2)
  4 rats
33 creatures vanquished.

Notes
Turn   | Place    | Note
-------+----------+-------------------------------------------
     0 | D:1      | tilp the Kobold Arcane Marksman began the quest for the
                  | Orb.
     0 | D:1      | Reached XP level 1. HP: 12/12 MP: 2/2
    41 | D:1      | Reached skill level 3 in Crossbows
    45 | D:1      | Reached XP level 2. HP: 15/16 MP: 3/3
   570 | D:1      | Reached skill level 4 in Crossbows
   570 | D:1      | Reached XP level 3. HP: 17/20 MP: 2/4
  1478 | D:2      | Learned a level 2 spell: Slow
  1545 | D:2      | Slain by a hobgoblin

Levels and vault maps discovered:
D:1:      tarquinn_simple_flora_water_b, layout_loops_ring
D:2:      layout_basic, vehumet_crystals, lemuel_doored_altar,
          grunt_qazlal_clouds

Skill      XL: |  1  2 |
---------------+-------+-----
Crossbows      | 3 4 |  4.6
Fighting       | |  1.1
Dodging        | |  2.4
Spellcasting   | |  1.1
Hexes          | |  3.0

Action                   || total
-------------------------++-------
Melee: Dagger            ||    42
       Hand axe          ||    40
 Fire: Hand crossbow     ||    43
 Cast: Corona            ||    13
  Eat: Chunk             ||    11
Armor: Robe              ||    18
Dodge: Dodged            ||    87

Table legend:
 A = Non-vault XP
 B = Vault XP
 C = Vault XP percentage of total XP
 D = Non-vault monster count
 E = Vault monster count
 F = Vault count percentage of total count
                 A         B        C        D         E       F
            +---------+---------+-------+---------+---------+-------
      Total |      58 |       0 |   0.0 |      33 |       0 |   0.0
            +---------+---------+-------+---------+---------+-------
        D:1 |      40 |       0 |   0.0 |      23 |       0 |   0.0
        D:2 |      18 |       0 |   0.0 |      10 |       0 |   0.0
            +---------+---------+-------+---------+---------+-------
